[Event "Titled Tuesday Blitz December 20 Early 2022"]
[White "vladoboch"]
[Black "davidkalashian"]
[WhiteElo "2445"]
[BlackElo "2707"]
[Result "1-0"]
[Round "03"]
[TimeControl "180+2"]
[Date "2022.12.20"]
[WhiteClock "0:00:12"]
[BlackClock "0:00:20"]

1. e4 c6 2. d4 g6 3. e5 Bg7 4. Be3 d6 5. exd6 Qxd6 6. h3 Nf6 7. c3 O-O 8. Nf3 Nbd7 9. Nbd2 Qc7 10. Be2 e5 11. dxe5 Nxe5 12. Nxe5 Qxe5 13. Nf3 Qe7 14. O-O Nd5 15. Bd4 Be6 16. Re1 Rad8 17. Qa4 a6 18. Bxg7 Kxg7 19. Nd4 Bc8 20. Bxa6 Qg5 21. Nf3 Qf6 22. Bf1 Bxh3 23. Qd4 Bc8 24. Qxf6+ Kxf6 25. a4 Rfe8 26. a5 Rxe1 27. Rxe1 Nc7 28. b4 Nd5 29. Rc1 h5 30. Bc4 Nf4 31. g3 Be6 32. Bf1 Nd5 33. Nd4 Bc8 34. a6 bxa6 35. Nxc6 Rd6 36. Nd4 Bb7 37. Nb3 Bc8 38. Nc5 g5 39. Rd1 Ke7 40. Ne4 Rd8 41. Bc4 Be6 42. Nxg5 Nxc3 43. Rxd8 Kxd8 44. Bxe6 fxe6 45. Nxe6+ Kc8 46. Nc5 Nd5 47. Nxa6 Kb7 48. Nc5+ Kc6 49. Nd3 Ne7 50. Kg2 Ng6 51. f4 h4 52. Ne5+ Nxe5 53. fxe5 hxg3 54. Kxg3 Kd5 55. Kf4 1-0


[Site "https://www.chess.com"]

[Event "Titled Tuesday Blitz December 20 Early 2022"]
[White "yoelpolanco"]
[Black "Blackwood, Ryan"]
[BlackFideId "7400640"]
[WhiteElo "2374"]
[BlackElo "1941"]
[Result "1-0"]
[Round "03"]
[TimeControl "180+2"]
[Date "2022.12.20"]
[WhiteClock "0:00:17"]
[BlackClock "0:00:06"]

1. Nf3 Nf6 2. d4 g6 3. c4 c5 4. Nc3 cxd4 5. Nxd4 Bg7 6. e4 O-O 7. Be3 Nc6 8. Be2 d6 9. O-O Bd7 10. Qd2 Rc8 11. Rac1 Ne5 12. b3 Neg4 13. Bg5 h6 14. Bxg4 Nxg4 15. Bh4 Rc5 16. Rfd1 h5 17. Nd5 f6 18. b4 Rc8 19. h3 Bh6 20. Qe2 Bxc1 21. hxg4 Bh6 22. gxh5 g5 23. Bg3 e6 24. Ne3 Qb6 25. Nb3 Rfd8 26. Rxd6 Qxb4 27. Qd3 Qa4 28. e5 f5 29. Nxf5 exf5 30. Qd5+ Kg7 31. Rg6+ Kf8 32. Qd6+ Ke8 33. Rg8+ Kf7 34. Qg6+ Ke7 35. Qf6# 1-0


[Site "https://www.chess.com"]

[Event "Titled Tuesday Blitz December 20 Early 2022"]
[White "Ademi, Sead"]
[Black "AnaKuchava"]
[WhiteFideId "906514"]
[WhiteElo "2168"]
[BlackElo "2212"]
[Result "1-0"]
[Round "04"]
[TimeControl "180+2"]
[Date "2022.12.20"]
[WhiteClock "0:02:04"]
[BlackClock "0:00:04"]

1. e4 c5 2. Nf3 d6 3. d4 cxd4 4. Nxd4 Nf6 5. f3 e5 6. Nb3 Be6 7. c4 Be7 8. Nc3 O-O 9. Be3 Nc6 10. Be2 Rc8 11. Nd5 Bxd5 12. cxd5 Na5 13. O-O Nc4 14. Bxc4 Rxc4 15. Qd2 a6 16. Na5 Rc8 17. Nxb7 Qd7 18. Na5 Ne8 19. Nc6 f5 20. Rac1 Nc7 21. Qc2 fxe4 22. fxe4 1-0


[Site "https://www.chess.com"]

[Event "Titled Tuesday Blitz December 20 Early 2022"]
[White "Agh, Miklos"]
[Black "Abundo, Casto"]
[WhiteFideId "703176"]
[BlackFideId "5200512"]
[WhiteElo "2152"]
[BlackElo "2175"]
[Result "0-1"]
[Round "04"]
[TimeControl "180+2"]
[Date "2022.12.20"]
[WhiteClock "0:00:51"]
[BlackClock "0:00:40"]

1. d4 Nf6 2. Nc3 d5 3. Bf4 c5 4. e4 Nxe4 5. Nxe4 dxe4 6. dxc5 Qa5+ 7. c3 Qxc5 8. Qa4+ Nc6 9. Qxe4 g6 10. Nf3 Bg7 11. O-O-O O-O 12. Qe3 Qa5 13. Kb1 Be6 14. a3 Qa4 15. Be2 Qb3 16. Nd2 Qa2+ 17. Kc1 Rfd8 18. Nb1 Na5 19. g4 Qa1 20. Bc7 Ba2 21. Rxd8+ Rxd8 22. Bxd8 Qxb1+ 23. Kd2 Nb3# 0-1


[Site "https://www.chess.com"]

[Event "Titled Tuesday Blitz December 20 Early 2022"]
[White "Aishath, Aika"]
[Black "Kirillov-Dmitry"]
[WhiteFideId "16702026"]
[WhiteElo "2770"]
[BlackElo "2444"]
[Result "1-0"]
[Round "04"]
[TimeControl "180+2"]
[Date "2022.12.20"]
[WhiteClock "0:00:13"]
[BlackClock "0:00:05"]

1. d4 d5 2. c4 e6 3. Nc3 c6 4. Nf3 dxc4 5. a4 Bb4 6. e3 b5 7. Bd2 a5 8. axb5 Bxc3 9. Bxc3 cxb5 10. b3 Bb7 11. bxc4 b4 12. Bb2 Nf6 13. Bd3 Nbd7 14. O-O O-O 15. Nd2 Qc7 16. Bc2 e5 17. d5 Nc5 18. f4 Nfd7 19. fxe5 g6 20. Nf3 a4 21. Bxa4 Nxa4 22. Rxa4 Qxc4 23. Rxa8 Bxa8 24. e6 fxe6 25. dxe6 Qxe6 26. Qd4 Qf6 27. Qxb4 Qf5 28. Qd4 Qf6 29. Qc4+ Qf7 30. Qd3 Qe6 31. Bd4 Be4 32. Qe2 Qd5 33. Nd2 Bf5 34. h3 h5 35. Qa6 Ra8 36. Qe2 Ra3 37. Qf3 Qxf3 38. Nxf3 Ra2 39. Rc1 Nf8 40. Ng5 Rc2 41. Ra1 Nh7 42. Ra8+ Rc8 43. Rxc8+ Bxc8 44. Ne4 Bb7 45. Nc5 Bc6 46. Kf2 Kf7 47. e4 Nf8 48. Ke3 Ne6 49. Nd3 Ba8 50. Ne5+ Kg7 51. g3 g5 52. Nf3+ Kg6 53. Ne5+ Kg7 54. Nd3+ Kg6 55. Bc3 Bb7 56. Ne5+ Kg7 57. Nd7+ Kg6 58. Ne5+ Kg7 59. h4 g4 60. Nxg4+ Kh7 61. Ne5 Ng7 62. Nf3 Kg6 63. Ng5 Ne8 64. Nh3 Nd6 65. Nf4+ Kh6 66. e5 Nf5+ 67. Kf2 Bc8 68. e6 Nd6 69. Ke3 Nf5+ 70. Kf2 Nd6 71. Be5 Ne4+ 72. Kg2 Nc5 73. Bd6 Nxe6 74. Nd3 Ng7 75. Bf4+ Kh7 76. Ne5 Nf5 77. Kf2 Nd4 78. Nf3 Nf5 79. Ng5+ Kg6 80. Ne4 Nd4 81. Nd2 Nf5 82. Nf3 Bb7 83. Ne5+ Kf6 84. Nd3 Be4 85. Bg5+ Kg6 86. Nf4+ Kg7 87. Nxh5+ Kg6 88. Nf4+ Kf7 89. h5 Bb1 90. g4 Ng7 91. Kg3 Ne6 92. Bh6 Nd4 93. Bg5 Nf5+ 94. gxf5 Bxf5 95. Kh4 Kg7 96. h6+ Kh7 97. Nh5 Kg6 98. Ng3 Bb1 99. Kg4 Bc2 100. Kf4 Bb1 101. Ne2 Bd3 102. Nd4 Bb1 103. Nf3 Bc2 104. Ne5+ Kh7 105. Ng4 Kg6 106. Bf6 Kh7 107. Bg7 Kg6 108. Ne5+ Kh7 109. Kg5 Bb1 110. Ng4 Bc2 111. Nf6# 1-0


[Site "https://www.chess.com"]

[Event "Titled Tuesday Blitz December 20 Early 2022"]
[White "Al-Kailani, Zaid"]
[Black "Pranav, V"]
[WhiteFideId "8100187"]
[BlackFideId "25060783"]
[WhiteElo "2053"]
[BlackElo "2597"]
[Result "0-1"]
[Round "04"]
[TimeControl "180+2"]
[Date "2022.12.20"]
[WhiteClock "0:00:09"]
[BlackClock "0:00:07"]

1. e4 c5 2. Nf3 d6 3. d4 cxd4 4. Nxd4 Nf6 5. Nc3 a6 6. h3 e5 7. Nde2 Be6 8. g4 Be7 9. Bg2 h6 10. Be3 Nbd7 11. Ng3 Rc8 12. Nf5 Bxf5 13. exf5 Qc7 14. h4 Nb6 15. g5 hxg5 16. hxg5 Rxh1+ 17. Bxh1 Nfd7 18. Qh5 d5 19. Nxd5 Nxd5 20. Bxd5 Qa5+ 21. c3 Qxd5 22. Rd1 Qc6 23. g6 fxg6 24. fxg6 Nf8 25. Qxe5 Qxg6 26. Kf1 Kf7 27. Qd5+ Qe6 28. Qxb7 Ke8 29. Bd4 Qh3+ 30. Ke2 Kf7 31. Rg1 Ne6 32. Be3 Qh5+ 33. Ke1 Rd8 34. Qb3 Qf5 35. Ke2 Qd3+ 36. Kf3 Rd5 37. Rg3 Rg5 38. Qb7 Nc5 39. Qc6 Rxg3+ 40. Kxg3 Ne4+ 41. Kg2 Nf6 42. Bd4 Qg6+ 43. Kf1 Qb1+ 44. Kg2 Qxa2 45. Bxf6 gxf6 46. b4 Qe6 47. Qb7 f5 48. b5 axb5 49. Qxb5 Qe4+ 50. Kf1 Kf6 51. Qb6+ Qe6 52. Qd4+ Kg6 53. c4 Qe4 54. Qxe4 fxe4 55. f3 e3 0-1


[Site "https://www.chess.com"]

[Event "Titled Tuesday Blitz December 20 Early 2022"]
[White "Albano, Marco"]
[Black "Almaguer, Reynaldo"]
[WhiteFideId "801178"]
[BlackFideId "3503062"]
[WhiteElo "2291"]
[BlackElo "2163"]
[Result "1-0"]
[Round "04"]
[TimeControl "180+2"]
[Date "2022.12.20"]
[WhiteClock "0:00:06"]
[BlackClock "0:00:13"]

1. e4 e5 2. Nf3 Nc6 3. Bc4 Nf6 4. d4 exd4 5. e5 d5 6. Bb5 Ne4 7. Nxd4 Bd7 8. Bxc6 bxc6 9. O-O Bc5 10. f3 Ng5 11. Be3 Ne6 12. Qd2 O-O 13. Nxe6 Bxe3+ 14. Qxe3 fxe6 15. Nd2 c5 16. Qxc5 Qb8 17. Nb3 Qb6 18. Kh1 a5 19. Qxb6 cxb6 20. Nd4 a4 21. c3 Rac8 22. a3 Kf7 23. f4 Ke7 24. g4 h5 25. h3 hxg4 26. hxg4 Rh8+ 27. Kg2 Rh4 28. Kf3 Rch8 29. Rg1 Rh2 30. Rg2 R8h3+ 31. Kf2 Rh1 32. Rxh1 Rxh1 33. Kg3 Re1 34. Re2 Rf1 35. Rf2 Re1 36. Kf3 Be8 37. Re2 Rf1+ 38. Ke3 Bg6 39. Rf2 Re1+ 40. Kd2 Rb1 41. Ke3 Be4 42. f5 exf5 43. gxf5 Re1+ 44. Kd2 Rb1 45. f6+ gxf6 46. exf6+ Kf7 47. Ke3 Re1+ 48. Kf4 Kxf6 49. Rh2 Kg6 50. Ke5 b5 51. Kd6 Bd3 52. Kxd5 Bc4+ 53. Kc5 Re5+ 54. Kb4 Rd5 55. Rg2+ Kh5 56. Rg7 Kh4 57. Rc7 Bd3 58. Rc5 Rd8 59. Nxb5 Kg3 60. Kxa4 Bc2+ 61. Kb4 Kf2 62. a4 Rd2 63. a5 Bd1 64. b3 Rb2 65. Nd4 Be2 66. Nxe2 Kxe2 67. a6 Ra2 68. Ra5 1-0


[Site "https://www.chess.com"]

[Event "Titled Tuesday Blitz December 20 Early 2022"]
[White "AldokhinIvan"]
[Black "MatthewG-p4p"]
[WhiteElo "2572"]
[BlackElo "2825"]
[Result "0-1"]
[Round "04"]
[TimeControl "180+2"]
[Date "2022.12.20"]
[WhiteClock "0:00:10"]
[BlackClock "0:01:33"]

1. e4 e6 2. d4 d5 3. Nc3 Bb4 4. Ne2 Nc6 5. exd5 exd5 6. a3 Ba5 7. Ng3 Nge7 8. Be3 O-O 9. Bd3 f5 10. f4 Bb6 11. Nce2 Ng6 12. c3 Qe7 13. Bd2 Bd7 14. Qc2 Nh4 15. O-O Rae8 16. b4 Qf6 17. Nc1 Nxd4 18. cxd4 Bxd4+ 19. Kh1 Bxa1 20. Nb3 Ba4 21. Rxa1 Bxb3 22. Qc1 Qf7 23. Rb1 Bc4 24. Bxc4 dxc4 25. Bc3 Qd5 26. Qb2 Rf7 27. h3 Rfe7 28. Nh5 Re2 29. Bxg7 Qxg2# 0-1


[Site "https://www.chess.com"]

[Event "Titled Tuesday Blitz December 20 Early 2022"]
[White "Aleksandar-Topalov"]
[Black "Chessmissile07"]
[WhiteElo "2401"]
[BlackElo "2730"]
[Result "1-0"]
[Round "04"]
[TimeControl "180+2"]
[Date "2022.12.20"]
[WhiteClock "0:00:39"]
[BlackClock "0:00:12"]

1. b3 d5 2. Bb2 Bg4 3. g3 e6 4. Bg2 Nf6 5. Nf3 Bd6 6. O-O Nbd7 7. d3 O-O 8. Nbd2 c5 9. a4 Qe7 10. Qe1 e5 11. e4 d4 12. Nh4 Bc7 13. Nf5 Bxf5 14. exf5 Rab8 15. Ne4 Nxe4 16. Bxe4 Nf6 17. Bc1 h6 18. Qe2 Rfe8 19. Bd2 Qd7 20. Rfe1 Qd8 21. Qf3 b6 22. Re2 Re7 23. Rae1 a6 24. Bb7 b5 25. Bxa6 bxa4 26. bxa4 Ba5 27. Bxa5 Qxa5 28. Bb5 Qc3 29. h4 e4 30. Qf4 Rd8 31. dxe4 c4 32. e5 Nd5 33. Qe4 Nb4 34. f6 gxf6 35. Qg4+ Kh7 36. exf6 Qxe1+ 37. Rxe1 Rxe1+ 38. Kg2 Rg8 39. Qxd4 Rg6 40. Qxc4 Rb1 41. Qxf7+ Kh8 42. Qxg6 1-0


[Site "https://www.chess.com"]

[Event "Titled Tuesday Blitz December 20 Early 2022"]
[White "Alex_Sahakyan2006"]
[Black "Brunstein, Sandrine"]
[BlackFideId "625574"]
[WhiteElo "2611"]
[BlackElo "1990"]
[Result "0-1"]
[Round "04"]
[TimeControl "180+2"]
[Date "2022.12.20"]
[WhiteClock "0:00:02"]
[BlackClock "0:00:04"]

1. d4 Nf6 2. Nf3 d5 3. c4 e6 4. Nc3 Be7 5. Bf4 O-O 6. e3 c5 7. dxc5 Bxc5 8. a3 Nc6 9. cxd5 Nxd5 10. Nxd5 exd5 11. Bd3 d4 12. e4 Bg4 13. O-O Bb6 14. h3 Bh5 15. Bc4 Kh8 16. Qd3 Qf6 17. Bg3 Bxf3 18. Qxf3 Qxf3 19. gxf3 Rad8 20. Rfd1 f5 21. exf5 Rxf5 22. Rd3 Ne5 23. Bxe5 Rxe5 24. Rad1 g6 25. Kg2 Kg7 26. Rb3 Rg5+ 27. Kf1 Re8 28. Bd3 Re7 29. Be4 Kh6 30. Ke2 Kh5 31. h4 Rf5 32. Kd3 Rf4 33. Rb5+ Kh6 34. h5 gxh5 35. a4 h4 36. a5 Bc7 37. Rg1 Be5 38. Rh1 Bf6 39. Bxb7 Re5 40. Rxe5 Bxe5 41. Be4 Bf6 42. a6 Kg7 43. b4 Bd8 44. Kxd4 Kf6 45. Ke3 Ke5 46. Rd1 Bb6+ 47. Ke2 Bd4 0-1


[Site "https://www.chess.com"]

[Event "Titled Tuesday Blitz December 20 Early 2022"]
[White "Alibaev, Akbar"]
[Black "TheoSlade"]
[WhiteFideId "14200325"]
[WhiteElo "2295"]
[BlackElo "2571"]
[Result "0-1"]
[Round "04"]
[TimeControl "180+2"]
[Date "2022.12.20"]
[WhiteClock "0:00:10"]
[BlackClock "0:00:14"]

1. e4 e5 2. Nf3 Nc6 3. Bb5 Nf6 4. O-O Nxe4 5. Re1 Nd6 6. Nxe5 Be7 7. Bd3 Nxe5 8. Rxe5 O-O 9. Nc3 c6 10. b3 Bf6 11. Re3 Re8 12. Ba3 Rxe3 13. fxe3 Ne8 14. Qf3 d5 15. Rf1 Be6 16. Bf5 Bxf5 17. Qxf5 Nd6 18. Qd3 Qd7 19. Ne2 Re8 20. Bc5 b6 21. Bxd6 Qxd6 22. a4 Be5 23. h3 Qe7 24. Nd4 Bxd4 25. Qxd4 Qe4 26. Qxe4 Rxe4 27. a5 bxa5 28. Ra1 a4 29. bxa4 Rb4 30. Ra2 Kf8 31. a5 a6 32. Kf2 Ke7 33. Ke2 Kd6 34. Kd3 c5 35. c3 Rb5 36. c4 Rb3+ 37. Kc2 dxc4 38. Ra4 Rb4 39. Ra3 Kd5 40. Ra1 f6 41. g4 Rb5 42. Ra3 Rb8 43. Kc3 Rb1 44. e4+ Kd6 45. Kxc4 Rc1+ 46. Kd3 Rh1 47. Kc4 Rc1+ 48. Rc3 Ra1 49. Rd3+ Kc6 50. Rd8 Rxa5 51. Rg8 Ra4+ 52. Kc3 g6 53. d3 Ra3+ 54. Kc4 Ra4+ 55. Kc3 Ra3+ 56. Kc2 Ra2+ 57. Kb3 Rh2 58. Rf8 Rxh3 59. Kc4 Rf3 60. Rc8+ Kd6 61. Rxc5 Rxd3 62. Ra5 Rg3 63. Rxa6+ Ke5 64. Ra7 Rxg4 65. Re7+ Kf4 66. Kd4 Rg1 67. Rxh7 Rd1+ 68. Kc3 Kxe4 69. Rf7 f5 70. Rg7 Rg1 71. Kd2 Rg2+ 72. Ke1 g5 73. Kf1 Rg4 74. Kf2 Kf4 75. Ra7 Rh4 76. Ra4+ Ke5 77. Ra5+ Kf6 78. Ra6+ Kg7 79. Kg3 Rh6 80. Ra7+ Kg6 81. Ra6+ Kh5 82. Ra5 f4+ 83. Kf3 Re6 0-1


[Site "https://www.chess.com"]

[Event "Titled Tuesday Blitz December 20 Early 2022"]
[White "Alphafischer2019"]
[Black "Orange_Ghost"]
[WhiteElo "2543"]
[BlackElo "2740"]
[Result "0-1"]
[Round "04"]
[TimeControl "180+2"]
[Date "2022.12.20"]
[WhiteClock "0:00:01"]
[BlackClock "0:00:18"]

1. Nf3 d5 2. g3 g6 3. Bg2 Bg7 4. d4 Nf6 5. O-O O-O 6. c4 dxc4 7. Nbd2 c5 8. dxc5 c3 9. bxc3 Nd5 10. Bb2 Na6 11. Qc1 Nxc5 12. c4 Bxb2 13. Qxb2 Nf6 14. Rfd1 Qc7 15. Rac1 Rb8 16. Nb3 b6 17. Nbd4 a6 18. h4 Bb7 19. Qd2 Rbd8 20. Qh6 Bxf3 21. Nxf3 Nce4 22. Qe3 Rxd1+ 23. Rxd1 Rd8 24. Rd4 Rxd4 25. Qxd4 Nd6 26. Ne5 b5 27. c5 Nf5 28. Qc3 b4 29. Qb2 Qxc5 30. Nd3 Qa7 31. e3 a5 32. Qe5 Qd7 33. Nc5 Qd1+ 34. Bf1 Ng4 35. Qb8+ Kg7 36. Ne4 Qf3 37. Qf4 Qxf4 38. exf4 Nd4 39. Nc5 Nf3+ 40. Kg2 Ne1+ 41. Kg1 Nf6 42. Nb7 a4 43. Bb5 b3 44. axb3 a3 45. Bc4 a2 46. Nc5 a1=Q 47. Kh2 Ng4+ 0-1


[Site "https://www.chess.com"]

[Event "Titled Tuesday Blitz December 20 Early 2022"]
[White "Ankudinova_Yelena"]
[Black "santosalberto1987"]
[WhiteElo "2238"]
[BlackElo "2495"]
[Result "0-1"]
[Round "04"]
[TimeControl "180+2"]
[Date "2022.12.20"]
[WhiteClock "0:00:10"]
[BlackClock "0:00:12"]

1. c3 d5 2. g3 Nf6 3. Bg2 Bf5 4. d3 c6 5. Nf3 e6 6. O-O h6 7. a4 Be7 8. Nbd2 Nbd7 9. b4 O-O 10. a5 a6 11. Nd4 Bh7 12. e4 c5 13. bxc5 Nxc5 14. N2b3 dxe4 15. Nxc5 Bxc5 16. Nb3 Ba7 17. d4 Rc8 18. Bb2 Nd5 19. Qd2 Qg5 20. Qxg5 hxg5 21. Rac1 Rc7 22. Ba3 Rfc8 23. Bc5 Bxc5 24. Nxc5 Rxc5 25. dxc5 Rxc5 26. c4 Nb4 27. Rfd1 Bg6 28. Rd8+ Kh7 29. Rd4 Nc6 30. Rd7 Nxa5 31. Re1 Rxc4 32. f3 exf3 33. Bxf3 b5 34. Ra1 Ra4 35. Rxa4 bxa4 36. Be2 a3 37. Rd2 Bb1 38. Bd3+ Bxd3 39. Rxd3 Nc4 40. Rd1 Kg6 41. Rc1 a2 42. Ra1 Kf5 43. Rxa2 Ne5 44. Rxa6 g4 45. Kf2 Nf3 46. Kg2 e5 47. h4 f6 48. Ra7 g6 49. Kf2 Nd4 50. Ke3 Ne6 51. Ra6 Nc5 52. Rc6 Ne4 53. Ra6 Nxg3 54. Kf2 Nh5 55. Kg2 Kf4 56. Ra5 e4 57. Ra4 g3 58. Rb4 f5 59. Ra4 Kg4 60. Ra6 Nf4+ 61. Kg1 Kxh4 62. Ra8 Kg4 63. Ra2 Kf3 64. Ra3+ e3 65. Rb3 Ne2+ 66. Kf1 g2+ 67. Ke1 g1=Q# 0-1


[Site "https://www.chess.com"]

[Event "Titled Tuesday Blitz December 20 Early 2022"]
[White "Aradhya, Garg"]
[Black "Edam, Michael"]
[WhiteFideId "25006746"]
[BlackFideId "24613231"]
[WhiteElo "2284"]
[BlackElo "2023"]
[Result "1-0"]
[Round "04"]
[TimeControl "180+2"]
[Date "2022.12.20"]
[WhiteClock "0:01:04"]
[BlackClock "0:00:13"]

1. d4 Nf6 2. c4 g6 3. Nf3 Bg7 4. g3 O-O 5. Bg2 c5 6. Nc3 cxd4 7. Qxd4 Nc6 8. Qh4 d5 9. O-O dxc4 10. Rd1 Qa5 11. Bg5 Be6 12. Nd4 Nxd4 13. Rxd4 Rad8 14. Rf4 h6 15. Bxh6 Nh5 16. Bxg7 Kxg7 17. Rd4 Nf6 18. Qf4 Qb6 19. Rad1 Rxd4 20. Qxd4 Qxb2 21. Rb1 Qc2 22. Be4 Rd8 23. Qxf6+ exf6 24. Bxc2 Rd2 25. Be4 b6 26. Kf1 f5 27. Ke1 Rd8 28. Bd5 Bxd5 29. Rd1 Rh8 30. Rxd5 Rxh2 31. Rd4 Rh1+ 32. Kd2 Rf1 33. Ke3 Rc1 34. Kd2 Rf1 35. Ke3 Rc1 36. Rxc4 b5 37. Rc5 b4 38. Na4 Ra1 39. Rc2 Kf6 40. Nc5 Ke5 41. Nd3+ Ke6 42. Nxb4 Rb1 43. Nd3 Rb5 44. Rc5 Rb6 45. Ra5 g5 46. Rxa7 1-0


[Site "https://www.chess.com"]

[Event "Titled Tuesday Blitz December 20 Early 2022"]
[White "AvitalBor"]
[Black "GP9isback23"]
[WhiteElo "2816"]
[BlackElo "2577"]
[Result "1-0"]
[Round "04"]
[TimeControl "180+2"]
[Date "2022.12.20"]
[WhiteClock "0:00:14"]
[BlackClock "0:00:05"]

1. g3 d5 2. Nf3 Nf6 3. Bg2 c6 4. O-O Bf5 5. d3 e6 6. Nbd2 Be7 7. Nh4 Bg6 8. Nxg6 hxg6 9. e4 O-O 10. h3 dxe4 11. Nxe4 Nxe4 12. Bxe4 Nd7 13. h4 Nf6 14. Bg2 Qb6 15. c3 Rfd8 16. Qe2 Rd7 17. Be3 Qa6 18. Rfd1 Rad8 19. c4 c5 20. a3 b6 21. b4 Qc8 22. b5 Bd6 23. a4 Be5 24. Ra3 Bd4 25. Bg5 Qc7 26. Kf1 Re7 27. Bc6 e5 28. Qf3 Re6 29. a5 Rf8 30. axb6 axb6 31. Rd2 Nh7 32. Rda2 Nxg5 33. hxg5 e4 34. Bxe4 Qe5 35. Bd5 Re7 36. Qg4 Qe1+ 37. Kg2 Re5 38. Be4 Qc1 39. Ra8 Ree8 40. Rxe8 Rxe8 41. Ra7 Qd2 42. Qf3 Rf8 43. Bd5 Qxg5 44. Rxf7 1-0


[Site "https://www.chess.com"]

[Event "Titled Tuesday Blitz December 20 Early 2022"]
[White "Aygehovit1992"]
[Black "InitiatingASC"]
[WhiteElo "2682"]
[BlackElo "2412"]
[Result "1-0"]
[Round "04"]
[TimeControl "180+2"]
[Date "2022.12.20"]
[WhiteClock "0:01:51"]
[BlackClock "0:00:09"]

1. e4 e5 2. Nf3 Nf6 3. d4 Nxe4 4. Bd3 d5 5. dxe5 Nc5 6. O-O Nxd3 7. Qxd3 Bg4 8. Nc3 c6 9. Ne2 Nd7 10. Ng3 Bc5 11. Bg5 Qb6 12. Nf5 O-O 13. Bf6 gxf6 14. Nh6+ Kg7 15. Nxg4 fxe5 16. Nfxe5 Qc7 17. Qg3 Rac8 18. Nxd7 1-0


[Site "https://www.chess.com"]

[Event "Titled Tuesday Blitz December 20 Early 2022"]
[White "Aza, Saulo"]
[Black "Canche Cab, Marco Alexei"]
[WhiteFideId "4410394"]
[BlackFideId "5116139"]
[WhiteElo "1667"]
[BlackElo "2004"]
[Result "0-1"]
[Round "04"]
[TimeControl "180+2"]
[Date "2022.12.20"]
[WhiteClock "0:00:06"]
[BlackClock "0:00:05"]

1. d4 Nf6 2. c4 e6 3. Nc3 c5 4. d5 exd5 5. cxd5 d6 6. e4 g6 7. f4 Bg7 8. Bb5+ Nfd7 9. a4 Qh4+ 10. g3 Qd8 11. Nf3 O-O 12. Kf2 Na6 13. Re1 Nb4 14. Kg2 a6 15. Bc4 b6 16. h3 Bb7 17. Kh2 Re8 18. Bd2 Qc7 19. Re2 Re7 20. Be1 Rae8 21. Re3 b5 22. axb5 Nb6 23. b3 N6xd5 24. Bxd5 Nxd5 25. Nxd5 Bxd5 26. Rxa6 Bxe4 27. Ng5 Bb7 28. Rxe7 Qxe7 29. Rxd6 Qe2+ 30. Qxe2 Rxe2+ 31. Kg1 Rxe1+ 32. Kf2 Re7 33. Rd8+ Bf8 34. Nxh7 Kxh7 35. Rxf8 Bd5 36. Rc8 Bxb3 37. Rxc5 Rb7 38. g4 Ba4 39. h4 Rxb5 40. Rc7 Kg7 41. Kf3 Bd1+ 42. Kg3 Rb3+ 0-1


[Site "https://www.chess.com"]

[Event "Titled Tuesday Blitz December 20 Early 2022"]
[White "Badlyplayed"]
[Black "maurovargas01"]
[WhiteElo "2262"]
[BlackElo "1920"]
[Result "1-0"]
[Round "04"]
[TimeControl "180+2"]
[Date "2022.12.20"]
[WhiteClock "0:02:01"]
[BlackClock "0:02:27"]

1. e4 d5 2. exd5 Qxd5 3. Nc3 Qa5 4. d4 c6 5. Nf3 Qc7 6. Bc4 Bg4 7. Bxf7+ Kxf7 8. Ng5+ Ke8 9. Qxg4 Nf6 10. Qe6 h6 11. Qf7+ Kd8 12. Ne6+ Kd7 13. Nxc7 Kxc7 14. Bf4+ Kb6 15. Na4+ Ka6 16. Nc5+ Kb6 17. Qb3+ Ka5 18. Bd2# 1-0


[Site "https://www.chess.com"]

[Event "Titled Tuesday Blitz December 20 Early 2022"]
[White "Baki, Peter"]
[Black "Klose, Eli"]
[WhiteFideId "718459"]
[BlackFideId "16242955"]
[WhiteElo "2100"]
[BlackElo "1519"]
[Result "1-0"]
[Round "04"]
[TimeControl "180+2"]
[Date "2022.12.20"]
[WhiteClock "0:00:52"]
[BlackClock "0:00:19"]

1. e4 e6 2. Nf3 d5 3. exd5 exd5 4. d4 Nf6 5. Bd3 c5 6. O-O c4 7. Re1+ Be7 8. Bf1 O-O 9. b3 cxb3 10. axb3 Nc6 11. Bb2 Bg4 12. Nbd2 Re8 13. h3 Bh5 14. c3 Bd6 15. Bd3 a6 16. Qc2 Rc8 17. Rxe8+ Qxe8 18. Re1 Qd8 19. Qb1 Bg6 20. Ne5 Bxd3 21. Qxd3 Qc7 22. Nef3 Re8 23. Rxe8+ Nxe8 24. Nf1 Nf6 25. Ne3 Bf4 26. c4 Bxe3 27. Qxe3 h6 28. Ba3 Na5 29. cxd5 Qb6 30. Nd2 Nxd5 31. Qe8+ Kh7 32. Qe4+ Qg6 33. Qxd5 Nc6 34. Bb2 Kg8 35. Qe4 Qg5 36. Qe3 Qd5 37. Nc4 b5 38. Nb6 Qd6 39. d5 Nb4 40. Qe8+ Kh7 41. Qe4+ Kg8 42. Nc8 Qxd5 43. Ne7+ Kf8 44. Nxd5 1-0


[Site "https://www.chess.com"]

[Event "Titled Tuesday Blitz December 20 Early 2022"]
[White "Balasch Peries, Eduard"]
[Black "Jabborov, Sanjar"]
[WhiteFideId "32067372"]
[BlackFideId "14219263"]
[WhiteElo "1671"]
[BlackElo "1449"]
[Result "1-0"]
[Round "04"]
[TimeControl "180+2"]
[Date "2022.12.20"]
[WhiteClock "0:00:05"]
[BlackClock "0:00:06"]

1. d4 Nf6 2. c4 g6 3. g3 d6 4. Bg2 Bg7 5. Nc3 O-O 6. Nf3 Nc6 7. O-O a6 8. Bf4 Rb8 9. Rc1 Bg4 10. h3 Bd7 11. Nd5 e6 12. Nxf6+ Qxf6 13. Bg5 Qf5 14. e4 Qa5 15. Be3 Qxa2 16. b3 b5 17. Ra1 Qb2 18. Rb1 Qc3 19. Rc1 Qa5 20. Ra1 Qc3 21. Rc1 Qb4 22. Bd2 Qa3 23. Ra1 Qb2 24. Rb1 Qxb1 25. Qxb1 bxc4 26. Rc1 Rxb3 27. Qa2 d5 28. exd5 exd5 29. Ne5 Nxe5 30. dxe5 c6 31. Bf4 g5 32. Bxg5 Bxe5 33. Qe2 Bg7 34. Qe7 Bf5 35. Bf6 Bxf6 36. Qxf6 Bg6 37. h4 h5 38. g4 hxg4 39. Qg5 Kh7 40. h5 Bd3 41. h6 Rg8 42. Qf6 Rg6 43. Qxf7+ Kxh6 44. Qf4+ Kh5 45. Re1 Rg5 46. Re8 Rb1+ 47. Kh2 Rb7 48. Rh8+ Rh7 49. Qf7+ Kh6 50. Qf8+ Rg7 51. Rxh7+ Kxh7 52. Qd6 Rg6 53. Qd7+ Kh6 54. Kg3 c3 55. Qd8 c2 56. Qh8+ Kg5 57. Qe5+ Bf5 58. Qe3+ Kf6 59. Qc3+ Ke7 60. Bf1 Re6 61. Bxa6 Re4 62. Bd3 d4 63. Qc5+ Kf6 64. Bxe4 Bxe4 65. Kf4 d3 66. Kxe4 d2 67. Qd4+ Kg6 68. Qxd2 1-0


[Site "https://www.chess.com"]

[Event "Titled Tuesday Blitz December 20 Early 2022"]
[White "Benamar, Benious"]
[Black "lemayvega"]
[WhiteFideId "45118841"]
[WhiteElo "1136"]
[BlackElo "2529"]
[Result "1-0"]
[Round "04"]
[TimeControl "180+2"]
[Date "2022.12.20"]
[WhiteClock "0:00:18"]
[BlackClock "0:00:58"]

1. d4 Nf6 2. Nf3 g6 3. Bf4 Bg7 4. e3 d6 5. Be2 O-O 6. h3 b6 7. O-O Bb7 8. c3 Nbd7 9. a4 a5 10. Na3 Re8 11. Bh2 e6 12. Qb3 Qe7 13. Nb5 Rec8 14. Rfd1 h6 15. Rac1 Bd5 16. c4 Bc6 17. Qa3 Bf8 18. Nd2 Nb8 19. c5 dxc5 20. dxc5 Na6 21. cxb6 cxb6 22. Bd6 Qe8 23. Bxf8 Qxf8 24. Nc4 Nd5 25. Ncd6 Bxb5 26. Rxc8 Rxc8 27. axb5 Rc2 28. bxa6 Rxe2 29. Rc1 Nb4 30. Rc8 1-0


[Site "https://www.chess.com"]

[Event "Titled Tuesday Blitz December 20 Early 2022"]
[White "Betta, Yanis"]
[Black "Rincon Zapatero, Alejandro"]
[WhiteFideId "36032972"]
[BlackFideId "2288850"]
[WhiteElo "2452"]
[BlackElo "1752"]
[Result "0-1"]
[Round "04"]
[TimeControl "180+2"]
[Date "2022.12.20"]
[WhiteClock "0:00:58"]
[BlackClock "0:00:49"]

1. d4 d5 2. Nc3 Nf6 3. Bg5 c5 4. e4 dxe4 5. dxc5 Qa5 6. Qd4 Nc6 7. Bb5 Bd7 8. Bxc6 Bxc6 9. Ne2 Rd8 10. Qe3 h6 11. Bxf6 exf6 12. O-O Bxc5 13. Qg3 O-O 14. a3 Bd6 15. Qh4 Qg5 16. Qxg5 fxg5 17. Rfe1 f5 18. Rad1 Bc5 19. b4 Bb6 20. b5 Rxd1 21. Rxd1 Be8 22. Nd4 Bh5 23. Rd2 Rd8 24. Nb3 Rxd2 25. Nxd2 Ba5 26. Ndb1 Kf7 27. Nd5 Ke6 28. Ne3 Be2 29. a4 f4 30. Nf1 Bd1 31. Na3 Kd5 32. g3 Bb4 33. Nb1 Bxc2 34. Nbd2 Kd4 35. gxf4 gxf4 36. Kg2 Kd3 37. Nf3 exf3+ 38. Kxf3 Bd6 0-1


[Site "https://www.chess.com"]